 Dungeon Crawl Stone Soup version 0.23.2-33-g5129a83184 (webtiles) character file.

Game seed: 18022645833941483541

48 DildoBatman the Magician (level 4, 0/30 HPs)
             Began as a Formicid Wizard on June 28, 2019.
             Slain by an adder (1 damage)
             ... on level 2 of the Dungeon.
             The game lasted 00:04:10 (1635 turns).

DildoBatman the Magician (Formicid Wizard)          Turns: 1635, Time: 00:04:10

Health: 0/30       AC:  2    Str: 12    XL:     4   Next: 0%
Magic:  7/8        EV: 12    Int: 18    God:
Gold:   40         SH:  0    Dex:  9    Spells: 2/9 levels left

rFire    . . .     SeeInvis +   d - +0 dagger
rCold    . . .     Gourm    .   (no shield)
rNeg     . . .     Faith    .   a - +0 robe
rPois    .         Spirit   .   (helmet unavailable)
rElec    .         Reflect  .   (no cloak)
rCorr    .         Harm     .   (no gloves)
MR       .....                  (no boots)
Stlth    ++........             (no amulet)
HPRegen  0.10/turn              (no ring)
MPRegen  0.11/turn              (no ring)

@: no status effects
A: permanent stasis, dig shafts and tunnels, four strong arms, antennae 3
a: Dig, Shaft Self


You were on level 2 of the Dungeon.
You were not hungry.

You visited 1 branch of the dungeon, and saw 2 of its levels.

You collected 40 gold pieces.

Inventory:

Hand Weapons
 d - a +0 dagger (weapon)
Missiles
 b - 99 stones (quivered)
 e - 12 poisoned needles
 g - 8 bolts
 j - 45 sling bullets
 l - 19 arrows
Armour
 a - a +0 robe (worn)
Scrolls
 f - 2 scrolls of teleportation {unknown}
 h - a scroll of random uselessness {unknown}
 k - a scroll of remove curse {unknown}
Potions
 c - a potion of ambrosia {unknown}
Comestibles
 i - 5 chunks of flesh
 v - 2 rations


   Skills:
 - Level 1.7 Dodging
 - Level 2.4 Stealth
 - Level 3.2 Spellcasting
 * Level 3.1 Conjurations
   Level 1.0 Summonings
   Level 0.8 Translocations


You had 2 spell levels left.
You knew the following spells:

 Your Spells              Type           Power        Failure   Level  Hunger
a - Conjure Flame         Conj/Fire      #.......     26%         3    ###....
c - Magic Dart            Conj           ##..         4%          1    None
e - Mephitic Cloud        Conj/Pois/Air  #.......     30%         3    ###....

Your spell library contained the following spells:

 Spells                   Type           Power        Failure   Level  Hunger
 Call Imp                 Summ           #.......     16%         2    ##.....
 Slow                     Hex            #.......     24%         2    ##.....
 Blink                    Tloc           Unusable     N/A         2    N/A

Dungeon Overview and Level Annotations

Branches:
Dungeon (2/15)

Altars:
Fedhas

Annotations:
D:2 1 runed translucent door, 1 exclusion, Crazy Yiuf


Innate Abilities, Weirdness & Mutations

You cannot be hasted, slowed, berserked, paralysed or teleported.
You can dig through walls and to a lower floor.
Your four strong arms can wield two-handed weapons with a shield.
You have a pair of large antennae on your head. (SInv)


Message History

What are your orders? t - Shout!
Orders for allies: a - Attack new target. r - Retreat! s - Stop attacking. g - Guard the area. f - Follow me.
Anything else - Cancel.
You shout for attention!
The kobold hits you with a +0 short sword.
The leopard gecko bites you but does no damage.
The adder closely misses you. The rat misses you.
What are your orders? t - Shout!
Orders for allies: a - Attack new target. r - Retreat! s - Stop attacking. g - Guard the area. f - Follow me.
Anything else - Cancel.
You shout for attention!
The adder bites you.
You die...

.......# { +...+ {
.......# #...# ..###..##
#...# ....#...## #...#
#........### #...#
.#.#....##.$. #...# .
.......##..... #)..# ...
#......# ......#S.รท#.....
##.....# .(....l@K.'...??.
...#...# ......#.r.#......
#......##..... #...##.....
..<#....##...###....##...#
...##)#..#####...#...#####
....#..........#........
..#.###........#.###.....
.................# .....
PP......##.##..### .....


You could see an adder, a leopard gecko, a kobold and a rat.

Vanquished Creatures
  An adder (D:2)
  A worm (D:1)
  2 giant cockroaches
  7 hobgoblins
  3 jackals (D:1)
  4 kobolds (D:1)
  A quokka (D:1)
  3 ball pythons
  4 bats
  2 frilled lizards
  2 goblins
  5 rats
35 creatures vanquished.

Notes
Turn   | Place    | Note
-------+----------+-------------------------------------------
     0 | D:1      | DildoBatman the Formicid Wizard began the quest for the
                  | Orb.
     0 | D:1      | Reached XP level 1. HP: 13/13 MP: 4/4
    14 | D:1      | Reached skill level 1 in Conjurations
   180 | D:1      | Reached XP level 2. HP: 19/19 MP: 0/6
   625 | D:1      | Reached XP level 3. HP: 21/24 MP: 0/7
   630 | D:1      | Learned a level 3 spell: Conjure Flame
   634 | D:1      | Learned a level 3 spell: Mephitic Cloud
  1042 | D:2      | Found a blossoming altar of Fedhas.
  1497 | D:2      | Found a runed translucent door.
  1498 | D:2      | Noticed Crazy Yiuf
  1600 | D:2      | Reached XP level 4. HP: 30/30 MP: 3/8
  1634 | D:2      | HP: 1/30 [kobold/+0 short sword (4)]
  1635 | D:2      | Slain by an adder

Skill      XL: |  1  2  3 |
---------------+----------+-----
Conjurations   | 1 2 3 |  3.1
Dodging        | |  1.7
Stealth        | |  2.4
Spellcasting   | |  3.2
Summonings     | |  1.0
Translocations | |  0.8

Action                   |  1- 3 |  4- 6 || total
-------------------------+-------+-------++-------
Melee: Dagger            |    64 |       ||    64
 Cast: Magic Dart        |    77 |     1 ||    78
       Mephitic Cloud    |     2 |       ||     2
 Abil: Dig               |     1 |       ||     1
 Stab: Confused          |     4 |       ||     4
  Eat: Chunk             |     3 |       ||     3
Armor: Robe              |    15 |     5 ||    20
Dodge: Dodged            |    49 |    35 ||    84
